 Dungeon Crawl Stone Soup version 0.31-a0-703-gcfe89afef6 (webtiles) character file.

Game seed: 12198059151177878484

27 NotBilly007 the Changeling (level 2, -3/26 HPs)
             Began as a Troll Shapeshifter on Sept 9, 2023.
             Slain by Natasha (6 damage)
             ... on level 2 of the Dungeon.
             The game lasted 00:01:34 (1289 turns).

NotBilly007 the Changeling (Troll Shapeshifter)     Turns: 1289, Time: 00:01:35

Health: -3/26      AC:  4    Str: 21    XL:     2   Next: 93%
Magic:  1/1        EV:  9    Int:  6    God:
Gold:   111        SH:  0    Dex:  9    Spells: 1/1 levels left

rFire   . . .        g - +3 dagger
rCold   . . .        (no shield)
rNeg    . . .        a - +0 animal skin
rPois   .            (helmet currently unavailable)
rElec   .            (cloak currently unavailable)
rCorr   .            (gloves unavailable)
SInv    .            (boots unavailable)
Will    .....        (no amulet)
Stlth   +            (no ring)
HPRegen 1.04/turn    (no ring)
MPRegen 0.07/turn

%: no passive effects
@: beast-form
A: beast (slay +2), large, unfitting armour, claws 3, regeneration 1, shaggy fur
1, tough skin 1
a: Begin Untransformation


You were on level 2 of the Dungeon.
You were a hulking beast.
You visited 1 branch of the dungeon, and saw 2 of its levels.

You collected 111 gold pieces.

Inventory:

Hand Weapons
 g - a +3 dagger (weapon)
Armour
 a - a +0 animal skin (worn)
Talismans
 c - a beast talisman (active)
 d - a flux talisman
Scrolls
 f - 2 scrolls of teleportation {unknown}
 j - a scroll of identify {unknown}
 l - a scroll of blinking {unknown}
Potions
 b - 2 potions of lignification
 e - a potion of might {unknown}
 h - a potion of haste {unknown}
 i - a potion of attraction {unknown}
 k - a potion of ambrosia {unknown}


   Skills:
 - Level 0.7 Fighting
 - Level 1.5 Dodging
 - Level 3.0 Unarmed Combat
 + Level 4.0 Shapeshifting


You had one spell level left.
You didn't know any spells.
Your spell library was empty.

Dungeon Overview and Level Annotations

Branches:
Dungeon (2/15)

Altars:
Vehumet

Annotations:
D:2 Natasha


Innate Abilities, Weirdness & Mutations

You are a hulking beast.
Your limbs bulge with bestial killing power. (Slay +2)
You are too large for most types of armour.
You have claws for hands.
Your natural rate of healing is unusually fast.
You are covered in fur. (AC +1)
You have tough skin. (AC +1)


Message History

The rat bites you.
You hit the rat.
You kill the rat!
No target in view!
l - a scroll labelled WUAKKU TANN
b - 2 potions of lignification (gained 1)
Found a pair of runed gloves.
Natasha, Servant of Life and Death comes into view.
Natasha casts a spell at you. You resist with significant effort.
Natasha is nearby!
Natasha is nearby!
Natasha casts a spell.
You see here a +1 pair of gloves.
The cerulean imp barely misses you.
You closely miss the cerulean imp. The cerulean imp closely misses you.
Natasha stares at you and mumbles some strange words.
The magic dart hits you!
You hit the cerulean imp.
The cerulean imp is moderately wounded.
The cerulean imp hits you with a +1 spear.
Natasha claws you.
You hit the cerulean imp.
The cerulean imp is severely wounded.
The cerulean imp hits you with a +1 spear.
Natasha claws you.
You are too injured to fight recklessly!
You are too injured to fight recklessly!
You are too injured to fight recklessly!
You closely miss the cerulean imp.
The cerulean imp is severely wounded.
The cerulean imp hits you with a +1 spear.
* * * LOW HITPOINT WARNING * * *
Natasha claws you.
* * * LOW HITPOINT WARNING * * *
You hit the cerulean imp.
The cerulean imp is almost dead.
The cerulean imp barely misses you. Natasha claws you.
You die...
Natasha begins licking her fur clean.

## .. ......
. # .. # #
.### ####
... .<.#
##########.#
##.#
#..........#
##.###
#.#######[.#
##
....†###.#
#..#...##
##.......#
#h......#
##.......#
#5h......
....._...#
#.......#
###......#
#..#....#
#......#
#.....#.#
######...
...#.##.#
##### ##.#.
.. .


You could see Natasha and a cerulean imp (summoned).

Vanquished Creatures
  A worm (D:2)
  2 bats (D:1)
  2 endoplasms (D:1)
  2 giant cockroaches
  3 goblins
  5 hobgoblins
  3 kobolds
  2 rats
20 creatures vanquished.

Notes
Turn   | Place    | Note
-------+----------+-------------------------------------------
     0 | D:1      | NotBilly007 the Troll Shapeshifter began the quest for the
                  | Orb.
     0 | D:1      | Reached XP level 1. HP: 18/18 MP: 0/0
   252 | D:1      | Reached XP level 2. HP: 26/26 MP: 1/1
  1243 | D:2      | Reached skill level 4 in Shapeshifting
  1247 | D:2      | Found a radiant altar of Vehumet.
  1281 | D:2      | Noticed Natasha
  1289 | D:2      | Slain by Natasha

Illustrated notes

Levels and vault maps discovered:
D:1:      dpeg_cavernosity, layout_basic, serial_curves, eino_curves_01,
          eino_curves_01, eino_curves_04
D:2:      layout_loops_cross, basic_altar, chequers_avenue, uniq_natasha

Skill      XL: |  1  2 |
---------------+-------+-----
Shapeshifting  | 4 |  4.0
Fighting       | |  0.7
Dodging        | |  1.5
Unarmed Combat | |  3.0

Action                     || total
---------------------------++-------
  Melee: Unarmed           ||    12
         Dagger            ||    42
         Punch             ||     1
   Stab: Sleeping          ||     1
 Armour: Animal skin       ||    32
  Dodge: Dodged            ||    20

Table legend: (Time is in decaauts)
 A = Elapsed time spent in this place.
 B = Non-inter-level travel time spent in this place.
 C = Inter-level travel time spent in this place.
 D = Time resting spent in this place.
 E = Time spent auto-exploring this place.
 F = Levels seen in this place.
 G = Mean time per level.
                   A        B        C        D        E       F      G
               +--------+--------+--------+--------+--------+-----+--------+
         Total |   1287 |   1250 |     37 |      0 |   1112 |   2 |  643.5 |
       Dungeon |   1287 |   1250 |     37 |      0 |   1112 |   2 |  643.5 |
               +--------+--------+--------+--------+--------+-----+--------+

Top non-repeatable levels by time:
     D:1: 1067 daAuts
     D:2: 219 daAuts
